 Dungeon Crawl Stone Soup version 0.25.0-9-g26727b657a (webtiles) character file.

Game seed: 17424409688162012976

47 Lennu the Skirmisher (level 3, 28/30 HPs)
             Began as a Demonspawn Abyssal Knight on June 17, 2020.
             Was a Follower of Lugonu.
             Quit the game on level 2 of the Dungeon.
             The game lasted 00:02:54 (1464 turns).

Lennu the Skirmisher (Demonspawn Abyssal Knight)    Turns: 1464, Time: 00:02:55

Health: 28/30      AC:  3    Str: 13    XL:     3   Next: 48%
Magic:  4/4        EV: 11    Int: 13    God:    Lugonu [*.....]
Gold:   154        SH:  0    Dex: 12    Spells: 2/2 levels left

rFire    . . .     SeeInvis .   a - +1 falchion
rCold    . . .     Gourm    .   (no shield)
rNeg     . . .     Faith    .   b - +0 leather armour
rPois    .         Spirit   .   (no helmet)
rElec    .         Reflect  .   (no cloak)
rCorr    .         Harm     .   (no gloves)
MR       .....                  (no boots)
Stlth    +.........             (no amulet)
HPRegen  0.10/turn              (no ring)
MPRegen  0.09/turn              (no ring)

@: no status effects
A: claws 1, spiny 1
a: Depart the Abyss, Renounce Religion


You were on level 2 of the Dungeon.
You worshipped Lugonu.
Lugonu was aware of your devotion.
You were not hungry.

You visited 1 branch of the dungeon, and saw 2 of its levels.
You visited the Abyss 1 time.

You collected 154 gold pieces.

Inventory:

Hand Weapons
 a - a +1 falchion (weapon)
Armour
 b - a +0 leather armour (worn)
Scrolls
 e - a scroll of noise {unknown}
 f - a scroll of magic mapping {unknown}
 g - a scroll of fog {unknown}
 h - a scroll of identify {unknown}
Potions
 d - a potion of ambrosia {unknown}
 i - 2 potions of curing {unknown}
 j - a potion of haste {unknown}
Comestibles
 c - 2 rations
 k - 4 chunks of flesh


   Skills:
 * Level 3.8 Fighting
 * Level 2.2 Long Blades
 * Level 2.3 Armour
 * Level 1.0 Dodging
 + Level 2.4 Invocations


You had 2 spell levels left.
You didn't know any spells.
Your spell library was empty.

Dungeon Overview and Level Annotations

Branches:
Dungeon (2/15)

Altars:
Makhleb
Zin


Innate Abilities, Weirdness & Mutations

You have sharp fingernails.
You are partially covered in sharp spines.


Message History

Lugonu accepts your kill.
Found 28 sling bullets.
Things that are here:
a +0 dagger; a goblin corpse You slash the hobgoblin!
You kill the hobgoblin!
Lugonu accepts your kill.
No target in view!
No target in view!
You see here a quokka corpse.
You butcher the quokka corpse.
k - a chunk of flesh You see here a quokka skeleton.
You see here a jackal corpse.
You butcher the jackal corpse.
k - 4 chunks of flesh (gained 3)
You see here a jackal skeleton.
Quiver which item? (- for none, * to show all) (? for menu, Esc to quit)
Okay, then.
Are you sure you want to abandon this character and quit the game? (Confirm with "yes".)

#######.## #.#
# #.# # #.#.#
.# #.#.##.#
##.#....#
#.....####...
#.............
#...@.####...#
#....รท).......
#.............
#.............
#.............
#.............
#.............
#.............
##.#.#.....(..


There were no monsters in sight!

Vanquished Creatures
  A worm (D:2)
  A dart slug (D:1)
  2 leopard geckos (D:1)
  2 giant cockroaches (D:1)
  8 goblins
  4 hobgoblins
  3 jackals (D:2)
  3 kobolds
  2 quokkas (D:2)
  2 bats (D:1)
  3 frilled lizards
  5 rats (D:1)
36 creatures vanquished.

Notes
Turn   | Place    | Note
-------+----------+-------------------------------------------
     0 | Abyss:1  | Lennu the Demonspawn Abyssal Knight began the quest for the
                  | Orb.
     0 | Abyss:1  | Reached XP level 1. HP: 18/18 MP: 2/2
     0 | D:1      | Escaped the Abyss
    15 | D:1      | Noticed a halfling
    15 | D:1      | Noticed a felid
    17 | D:1      | Noticed a dwarf
    17 | D:1      | Noticed a human
    21 | D:1      | Noticed a merfolk
    21 | D:1      | Noticed a demonspawn
    23 | D:1      | Noticed a vampire
    23 | D:1      | Noticed a ghoul
    25 | D:1      | Noticed an elf
    25 | D:1      | Noticed a vine stalker
    27 | D:1      | Noticed an octopode
    29 | D:1      | Noticed a naga
    29 | D:1      | Noticed a centaur
    31 | D:1      | Noticed an ogre
    31 | D:1      | Noticed a troll
    33 | D:1      | Noticed a tengu
    33 | D:1      | Noticed a formicid
    35 | D:1      | Noticed a gargoyle
    35 | D:1      | Noticed a minotaur
    37 | D:1      | Noticed a demigod
    39 | D:1      | Noticed a spriggan
    39 | D:1      | Noticed a draconian
    83 | D:1      | Reached * piety under Lugonu
   241 | D:1      | Gained mutation: You are partially covered in sharp spines.
                  | [demonic ancestry]
   241 | D:1      | Reached XP level 2. HP: 24/24 MP: 3/3
   296 | D:1      | You fall into a shaft and drop 1 floor!
   337 | D:2      | Found a glowing silver altar of Zin.
   645 | D:1      | Reached skill level 1 in Dodging
   645 | D:1      | Gained mutation: You have sharp fingernails. [demonic
                  | ancestry]
   645 | D:1      | Reached XP level 3. HP: 28/30 MP: 4/4
  1229 | D:2      | Found a burning altar of Makhleb.
  1464 | D:2      | Quit the game

Illustrated notes

Levels and vault maps discovered:
D:1:      kb_arrival_jail, layout_basic, item_on_display_a
D:2:      layout_basic, old_standard_altar, old_standard_altar

Skill      XL: |  1  2 |
---------------+-------+-----
Armour         | 2 |  2.3
Long Blades    | 2 |  2.2
Dodging        | 1 |  1.0
Fighting       | |  3.8
Invocations    | |  2.4

Action                   || total
-------------------------++-------
Melee: Falchion          ||    66
Invok: Depart the Abyss  ||     1
  Eat: Chunk             ||     2
Armor: Leather armour    ||    17
Dodge: Dodged            ||    45
       Rpst.: Falchion   ||     7
